[Event "Early-Titled-Tuesday-Blitz-March-05-2024"]
[Site "Chess.com"]
[Date "2024.03.05"]
[Round "6"]
[White "Penafiel-Josselyne02"]
[Black "DKmirl"]
[Result "0-1"]
[WhiteElo "2053"]
[BlackElo "2335"]
[TimeControl "180+1"]
[EndTime "9:09:57 PST"]
[Termination "DKmirl won on time"]

1. d4 Nf6 2. c4 e6 3. Nf3 Bb4+ 4. Bd2 Qe7 5. e3 O-O 6. Bd3 b6 7. O-O Bb7 8. Nc3 Bxc3 9. Bxc3 d6 10. Qc2 Nbd7 11.
e4 e5 12. b4 c5 13. bxc5 bxc5 14. d5 Nb6 15. a4 Ba6 16. Qe2 Nh5 17. g3 Rab8 18.
a5 Nd7 19. Rab1 Nhf6 20. Nh4 g6 21. Bd2 Rfc8 22. Ng2 Rxb1 23. Rxb1 Rb8 24. Rxb8+ Nxb8 25. Bg5 Nbd7 26. Qb2 Qd8 27. Ne3 Qxa5 28. Bh6 Qb4 29. Qa2 Qb6 30. Kg2 Bc8 31. Qa4 a5 32. Qc6 Bb7 33.
Qa4 Qb4 34. Qb5 Qxb5 35. cxb5 Nb6 36. Nc4 Nxc4 37. Bxc4 Nxe4 38. Bd2 Nxd2 39. f4 Nxc4 40. fxe5 Nxe5 41. Kf2 a4 42. Ke2 a3 43. Kd2 a2 44.
Kc2 a1=Q 45. Kb3 Qd4 46. b6 Nd3 47. Kc2 Qc4+ 48. Kd2 Ne5 49. Ke3 Qd3+ 50. Kf2 Qf3+ 51. Ke1 Nd3+ 52. Kd2 Nb4 53. h4 Ba6 54. h5 Qd3+ 0-1

[Event "Early-Titled-Tuesday-Blitz-March-05-2024"]
[Site "Chess.com"]
[Date "2024.03.05"]
[Round "6"]
[White "ChessLover0108"]
[Black "CarlosjPineror"]
[Result "0-1"]
[WhiteElo "2944"]
[BlackElo "2735"]
[TimeControl "180+1"]
[EndTime "9:09:58 PST"]
[Termination "CarlosjPineror won on time"]

1. c4 c5 2. Nf3 Nf6 3. Nc3 e6 4.
g3 Be7 5. Bg2 O-O 6. d4 cxd4 7.
Nxd4 a6 8. O-O Nc6 9. b3 Qc7 10. Bb2 d6 11. Rc1 Ne5 12. e4 Bd7 13.
f4 Ng6 14. h3 Rac8 15. Kh2 Qb8 16. Qe2 h5 17. h4 Ng4+ 18. Kh1 Bf6 19. Rcd1 Qa7 20.
Nb1 e5 21. Nf5 Bxf5 22. exf5 Ne7 23. fxe5 dxe5 24. Nc3 Rcd8 25. Ne4 Qe3 26. Rde1 Qxe2 27. Rxe2 Rd3 28. Bc1 Rfd8 29. Bd2 Nc6 30. Bg5 Nd4 31. Rd2 Rxd2 32. Bxd2 b6 33. Bg5 Nc2 34. Bh3 Bxg5 35. hxg5 Nce3 36. Re1 Rd4 37. Bxg4 Nxg4 38. Kg2 Rd3 39. f6 gxf6 40. Nxf6+ Nxf6 41. gxf6 Rd2+ 42. Kh3 Rxa2 43. Rxe5 Rb2 44. Rxh5 Rxb3 45. Rg5+ Kf8 46. Rd5 Ke8 47. Re5+ Kf8 48. Kh4 Rb4 49. g4 Rxc4 50. Rd5 Rc8 51. Rd6 Rb8 52. g5 a5 0-1

[Event "Early-Titled-Tuesday-Blitz-March-05-2024"]
[Site "Chess.com"]
[Date "2024.03.05"]
[Round "6"]
[White "cristianserban1"]
[Black "vi_pranav"]
[Result "0-1"]
[WhiteElo "2490"]
[BlackElo "3057"]
[TimeControl "180+1"]
[EndTime "9:09:58 PST"]
[Termination "vi_pranav won on time"]

1. Nf3 Nf6 2. d4 e6 3. c4 c5 4. d5 exd5 5. cxd5 d6 6. Nc3 g6 7. Nd2 Bg7 8. e4 O-O 9. Be2 Na6 10. O-O Nc7 11. a4 Re8 12. Qc2 b6 13. Re1 Rb8 14. Nc4 Ba6 15. Bg5 h6 16. Bh4 Bxc4 17. Bxc4 a6 18.
Qd3 g5 19. Bg3 Ng4 20. Bxa6 Nxa6 21. Qxa6 h5 22. h3 h4 23. Bxd6 Ra8 24. Qc4 Qxd6 25. hxg4 Qf4 26. Qd3 Qxg4 27. Rab1 Be5 28. Qf3 Qd7 29.
b3 g4 30. Qe3 Qe7 31. Nb5 Qf6 32.
Red1 Rad8 33. d6 Kg7 34. Rd5 Bf4 35. Qd3 Be5 36. Rd1 Rh8 37. Qe3 Rh5 38. d7 h3 39.
g3 Rh6 40. Nd6 Rg6 41. Nf5+ Kh7 42. Nh4 Rg5 43. Nf5 Rh5 44. Rd6 Bxd6 45. Rxd6 Qa1+ 46. Kh2 Qf1 47. Rh6+ Kg8 48. Ne7+ Kf8 49. Ng6+ Kg7 50. Qc3+ Kxh6 0-1

[Event "Early-Titled-Tuesday-Blitz-March-05-2024"]
[Site "Chess.com"]
[Date "2024.03.05"]
[Round "6"]
[White "dianamirza"]
[Black "publicaccountcze"]
[Result "1-0"]
[WhiteElo "2000"]
[BlackElo "2198"]
[TimeControl "180+1"]
[EndTime "9:09:59 PST"]
[Termination "dianamirza won by resignation"]

1. e4 c5 2. Nf3 e6 3. d4 cxd4 4. Nxd4 a6 5. c4 Qc7 6. Nc3 Nf6 7. Be3 d6 8. Be2 Be7 9. O-O O-O 10. f4 b6 11. f5 Nc6 12. Qd2 Rd8 13. Nxc6 Qxc6 14.
Bf3 Qc7 15. e5 Bb7 16. exf6 Bxf6 17. Bxb7 Qxb7 18. fxe6 fxe6 19. Bg5 Bxg5 20. Qxg5 Qc6 21. Qg4 d5 22. Rae1 Re8 23. cxd5 exd5 24. Qh5 d4 25. Qf7+ Kh8 26. Rxe8+ Qxe8 27. Qxe8+ Rxe8 28. Nd5 b5 29. Kf2 g6 30. Re1 Rd8 31. Nb4 Rd6 32. Rd1 a5 33.
Nc2 d3 34. Ne3 Kg7 35. Kf3 Kf6 36. Ke4 h5 37. Rxd3 Re6+ 38. Kd4 Rd6+ 39. Nd5+ Ke6 40.
Re3+ Kf5 41. Re5+ Kg4 42. Kc5 Rd8 43. Re6 b4 44. Rxg6+ Kf5 45. Rh6 Kg5 46. Ra6 Kf5 47. Rxa5 Ke4 48. Kc4 Rc8+ 49. Rc5 Ra8 50. Nf6+ Kf4 51.
Nxh5+ Kg4 52. Nf6+ Kf4 53. Nd7 Rxa2 54. Kxb4 Rxb2+ 55. Kc3 Rxg2 56. h4 Rg7 57. Nf6 Rg6 58. Nd5+ Kg4 59.
h5 Kxh5 60. Nf4+ Kh6 61. Nxg6 Kxg6 62. Kd4 Kf6 63. Ke4 1-0

[Event "Early-Titled-Tuesday-Blitz-March-05-2024"]
[Site "Chess.com"]
[Date "2024.03.05"]
[Round "6"]
[White "Polish_fighter3000"]
[Black "xxysoul6"]
[Result "0-1"]
[WhiteElo "3108"]
[BlackElo "2941"]
[TimeControl "180+1"]
[EndTime "9:10:00 PST"]
[Termination "xxysoul6 won on time"]

1. d4 Nf6 2. Bg5 e6 3. e4 h6 4. Bxf6 Qxf6 5. c3 d5 6. Bd3 c5 7. Nf3 cxd4 8. cxd4 dxe4 9. Bxe4 Bd6 10. Nc3 O-O 11.
Qe2 Rd8 12. h4 Nd7 13. g4 Qf4 14. g5 h5 15. Nd2 g6 16. O-O-O Nb6 17. Kb1 Bd7 18.
Nb3 Rac8 19. Rd3 Na4 20. Rf3 Qg4 21. Qd3 Rxc3 22. bxc3 Nxc3+ 23. Qxc3 Qxe4+ 24. Ka1 Bc6 25. Rhh3 Bf4 26. Rd3 Qe2 27. Qb2 Qe1+ 28. Qb1 Qxb1+ 29. Kxb1 Be4 30. Kb2 Bxd3 31. Rxd3 b6 32. Rf3 Bd6 33. Kc2 Rc8+ 34. Kb2 Rc4 35. Rd3 e5 36. Kb1 exd4 37. Nxd4 Bc5 38. Nf3 Bxf2 39. Ne5 Rf4 40. Nd7 Bxh4 41.
Nf6+ Kg7 42. Ne8+ Kf8 43. Nf6 Rf5 44. Rd8+ Ke7 45. Rd7+ Ke6 46. Rxa7 Bxg5 47. Nd7 h4 48. a4 h3 49. Nf8+ Kf6 50. Rd7 h2 51. Rd1 Rd5 0-1

[Event "Early-Titled-Tuesday-Blitz-March-05-2024"]
[Site "Chess.com"]
[Date "2024.03.05"]
[Round "6"]
[White "FMStan15"]
[Black "IngOscarArdila"]
[Result "1/2-1/2"]
[WhiteElo "2090"]
[BlackElo "2319"]
[TimeControl "180+1"]
[EndTime "9:10:06 PST"]
[Termination "Game drawn by repetition"]

1. e4 e5 2. Nf3 Nf6 3. d4 Nxe4 4. Bd3 d5 5. dxe5 Nc5 6. Be2 Be7 7. O-O O-O 8. Nbd2 Bf5 9. Nb3 c6 10. c3 Nbd7 11. Nbd4 Be6 12. Nxe6 fxe6 13. Re1 Qe8 14. Bd3 Nxd3 15. Qxd3 Qh5 16. Qe2 Rf5 17. Bd2 Raf8 18. Nd4 Qxe2 19. Rxe2 Rxe5 20. Rxe5 Nxe5 21. Nxe6 Rf6 22.
Nd4 Bc5 23. Be3 Nc4 24. b3 Nxe3 25. fxe3 Kf7 26. Rf1 Rxf1+ 27. Kxf1 Kf6 28. Ke2 Ke5 29. Kd3 Bd6 30. g4 g6 31. Nf3+ Kf6 32. h3 h5 33. e4 dxe4+ 34. Kxe4 Bg3 35. c4 Bf2 36. a4 Bc5 37. gxh5 gxh5 38. Kf4 Bd6+ 39. Ke4 Bg3 40. b4 Bd6 41. b5 Bg3 42. bxc6 bxc6 43. Nd4 c5 44.
Nb3 Bf2 45. Kd5 Kg5 46. Nxc5 Kh4 47. Ne4 Be3 48. c5 Kxh3 49. c6 Bb6 50. Nf6 h4 51.
Kd6 Kg2 52. c7 Bxc7+ 53. Kxc7 h3 54. Ng4 Kg3 55. Ne3 Kf3 56. Nf1 Kg2 57. Ne3+ Kf2 58. Ng4+ Kg3 59. Ne3 Kf3 60. Nf1 Kf2 61. Nh2 Kg2 62.
Ng4 Kg3 1/2-1/2

[Event "Early-Titled-Tuesday-Blitz-March-05-2024"]
[Site "Chess.com"]
[Date "2024.03.05"]
[Round "6"]
[White "Ralf61"]
[Black "Al_Shima"]
[Result "0-1"]
[WhiteElo "2548"]
[BlackElo "2434"]
[TimeControl "180+1"]
[EndTime "9:10:08 PST"]
[Termination "Al_Shima won on time"]

1. Nf3 d5 2. d4 Nf6 3. c4 e6 4. Nc3 Bb4 5. Bg5 O-O 6. e3 h6 7. Bh4 b6 8. cxd5 exd5 9. Bd3 Bb7 10. O-O Re8 11. Qc2 Nbd7 12. Rac1 c6 13. Bg3 Qe7 14.
h3 Bxc3 15. bxc3 Ne4 16. Bh2 a5 17. c4 dxc4 18. Bxc4 c5 19. Ne5 Nxe5 20. dxe5 Rad8 21. Rcd1 Rxd1 22. Rxd1 Rd8 23. f3 Ng5 24. Rd6 Rxd6 25.
exd6 Qxe3+ 26. Kf1 Qd4 27. a4 Bc6 28. Bg3 Ne6 29. Ke1 Nf4 30. Bxf4 Qxf4 31. Qd3 Qe5+ 32. Kf2 Qd4+ 33. Qxd4 cxd4 34. Ke2 Bxa4 35. Kd3 Bd7 36. Kxd4 b5 37. Bd5 a4 38. Kc5 Kf8 39. Bc6 Ke8 40. Bd5 f6 41. h4 Kd8 42. Kb4 Kc8 43. f4 Kb8 44. Be4 Ka7 45. Bf3 Kb6 46. g4 Bc6 47. Be2 Bd7 48. f5 Bc6 49. Bd3 Bd7 50. Be4 Bc6 51. Bd3 Bd7 52. Be4 Ka6 53. Bd5 Kb6 54. Be6 Kc6 55. Ba2 Kxd6 56. Bb1 Ke5 57. Bd3 Kf4 58. Bxb5 Bxb5 0-1

[Event "Early-Titled-Tuesday-Blitz-March-05-2024"]
[Site "Chess.com"]
[Date "2024.03.05"]
[Round "6"]
[White "GeorgiosSouleidis"]
[Black "Flaccidmoves"]
[Result "0-1"]
[WhiteElo "2657"]
[BlackElo "2457"]
[TimeControl "180+1"]
[EndTime "9:10:11 PST"]
[Termination "Flaccidmoves won on time"]

1. e4 Nf6 2. Nc3 d5 3. exd5 Nxd5 4. Bc4 e6 5. Qf3 Nxc3 6. dxc3 Nd7 7. Qg3 Nf6 8. Bg5 Ne4 9. Bxd8 Nxg3 10. hxg3 Kxd8 11. O-O-O+ Ke8 12. Nf3 Bd6 13. Ng5 h6 14. Ne4 Be7 15.
g4 Rg8 16. Kb1 Bd7 17. Rhe1 Rd8 18. g3 Bc6 19. Bd3 Rd7 20. b4 a6 21. a3 Kd8 22. c4 Kc8 23. Rd2 Rgd8 24. Rde2 Rd4 25. f3 b5 26. cxb5 Bxb5 27. Bxb5 axb5 28. c3 Rd3 29. Re3 Kb7 30. Kc2 Rxe3 31. Rxe3 Kc6 32. Re2 Ra8 33. Kb3 Rd8 34. Nd2 Rd3 35. Kc2 Rd8 36. Nb3 Bd6 37. Rd2 Ra8 38. Na5+ Kb6 39. f4 g5 40. Rf2 Rg8 41. f5 Bxg3 42. Rf3 Bf4 43. fxe6 fxe6 44. c4 c6 45. c5+ Kc7 46. Rd3 e5 47. Rh3 Rg6 48. Kd3 Bc1 49. Ke4 Rf6 50.
Kxe5 Bb2+ 51. Ke4 Rf4+ 52. Kd3 Rxg4 53. Rxh6 Rg3+ 54. Ke4 Bxa3 55. Rh7+ Kd8 56. Nxc6+ Ke8 57. Kf5 Rf3+ 58. Kxg5 Rb3 59. Kf6 Bxb4 60. Re7+ Kf8 61. Rg7 Rf3+ 62. Ke5 Bc3+ 0-1

[Event "Early-Titled-Tuesday-Blitz-March-05-2024"]
[Site "Chess.com"]
[Date "2024.03.05"]
[Round "6"]
[White "vladgoncharov"]
[Black "Bulatova_Kamaliya"]
[Result "1-0"]
[WhiteElo "2633"]
[BlackElo "2471"]
[TimeControl "180+1"]
[EndTime "9:10:14 PST"]
[Termination "vladgoncharov won by resignation"]

1. d4 Nf6 2. c4 g6 3. Nc3 Bg7 4. e4 d6 5. h3 a6 6. Bg5 c6 7. Nf3 O-O 8. Bd3 b5 9. Qd2 bxc4 10.
Bxc4 Nbd7 11. Bb3 a5 12. O-O c5 13. Rad1 Bb7 14. Rfe1 cxd4 15. Nxd4 Nc5 16. Bd5 Qb6 17. Re2 Rad8 18. Rde1 Ba6 19. Re3 h6 20. Bh4 e6 21. Bb3 Nxb3 22. Nxb3 Rd7 23. Rd1 d5 24. e5 Ne8 25. Nd4 Nc7 26. Bf6 Nb5 27.
Ncxb5 Bxb5 28. Bxg7 Kxg7 29. Rb3 Qc7 30. Nxb5 Qxe5 31. Qd4 Qxd4 32. Nxd4 e5 33. Nc6 Re8 34. Nxa5 e4 35. Nc6 f5 36. Nd4 f4 37. Kf1 e3 38.
fxe3 fxe3 39. Ke2 Ra7 40. a3 Rf7 41. Rxe3 Ref8 42. Rf3 Re7+ 43. Kf2 Rb8 44. Nc6 Rxb2+ 45. Kf1 Ree2 46. Rg3 h5 47. Nd4 Rf2+ 48. Kg1 Ra2 49. Ne6+ Kf7 50. Ng5+ Kf6 51. Rf3+ Kxg5 52.
Rxf2 Rxa3 53. Rxd5+ Kh6 54. Rf6 Ra1+ 55. Kh2 h4 56. Rdd6 Kg5 57. Rxg6+ Kh5 58. Rh6+ Kg5 59. Rdg6+ Kf5 60. Rg4 Ke5 61. Rhxh4 Kf5 62. Rh5+ Kf6 63. Rb5 1-0

[Event "Early-Titled-Tuesday-Blitz-March-05-2024"]
[Site "Chess.com"]
[Date "2024.03.05"]
[Round "6"]
[White "WilsonPalencia21"]
[Black "GMKrikor"]
[Result "1/2-1/2"]
[WhiteElo "2585"]
[BlackElo "2854"]
[TimeControl "180+1"]
[EndTime "9:10:15 PST"]
[Termination "Game drawn by repetition"]

1. d4 Nf6 2. c4 g6 3. Nf3 Bg7 4. Nc3 d5 5. Bg5 dxc4 6. e4 c5 7. d5 b5 8. d6 Bb7 9. e5 Ne4 10. Nxe4 Bxe4 11. Bxe7 Qa5+ 12. Qd2 Qxd2+ 13. Nxd2 Bd5 14.
a4 Bxe5 15. O-O-O Nc6 16. axb5 Nxe7 17. dxe7 Kxe7 18. Nxc4 Bd4 19. f3 Rab8 20. Na3 Rhd8 21. Bd3 Bb3 22. Rhe1+ Kf6 23. Bc2 Be6 24. Bd3 h5 25.
Kc2 Rdc8 26. b3 Rd8 27. Bc4 Bf5+ 28. Bd3 Bd7 29. Bc4 Re8 30. Rxe8 Rxe8 31. Bd3 Be6 32. Nc4 Rb8 33. Na5 Rc8 34. Nc6 Rc7 35. Bc4 Bf5+ 36. Bd3 Bd7 37. Nxd4 cxd4+ 38. Kb2 Ke5 39.
g3 Be6 40. Re1+ Kd6 41. Re4 Kc5 42. f4 Rd7 43. Re5+ Rd5 44. Re1 Rd6 45. Re5+ Kb6 46. Bc4 Kc7 47. Kc2 Bf5+ 48. Kd2 f6 49. Rd5 Rxd5 50.
Bxd5 Kd6 51. Bc4 g5 52. b4 h4 53. Bf7 h3 54. Bc4 Bd7 55. Kd3 gxf4 56. gxf4 Bc8 57. Kxd4 Bb7 58. Bf1 Bg2 59. Bd3 Bb7 60. Be4 Bc8 61.
Bd5 Bd7 62. Bc4 Bf5 63. Be2 Bd7 64. Bc4 Bf5 65. Bd5 Bd7 66. Bc4 1/2-1/2

[Event "Early-Titled-Tuesday-Blitz-March-05-2024"]
[Site "Chess.com"]
[Date "2024.03.05"]
[Round "6"]
[White "ural58"]
[Black "SlavenPastar"]
[Result "1-0"]
[WhiteElo "2525"]
[BlackElo "2617"]
[TimeControl "180+1"]
[EndTime "9:10:15 PST"]
[Termination "ural58 won by checkmate"]

1. e4 b6 2. d4 Bb7 3. Nc3 e6 4. a3 d6 5. Nf3 Nf6 6. Bd3 Nbd7 7. Qe2 e5 8. Bg5 h6 9. Bh4 Be7 10. O-O-O O-O 11. dxe5 Nxe5 12. Nxe5 dxe5 13. Ba6 Bxa6 14. Qxa6 Qc8 15. Qxc8 Raxc8 16. Bxf6 Bxf6 17. Rd7 Rfd8 18.
Rhd1 Rxd7 19. Rxd7 Bg5+ 20. Kb1 Kf8 21. Nd5 c6 22.
Nc3 a5 23. a4 Rd8 24. Rb7 Rd2 25. Rxb6 Rxf2 26. Rxc6 Rxg2 27. Nd5 g6 28. b4 axb4 29.
a5 Bh4 30. a6 Bf2 31. Nb6 Bd4 32. c3 Rg1+ 33. Kc2 b3+ 34. Kxb3 Bxb6 35. c4 Ba7 36.
Rc7 Bd4 37. c5 Ra1 38. a7 Kg7 39. Kc4 g5 40. Kb5 g4 41. Kb6 h5 42. Rc8 Rb1+ 43.
Kc6 Ra1 44. a8=Q Rxa8 45. Rxa8 h4 46. Ra3 f5 47. exf5 Kf6 48. Kd5 Kxf5 49. c6 Bb6 50.
Rb3 Bd8 51. Rb8 Ba5 52. Rf8+ Kg5 53. Rh8 g3 54. hxg3 hxg3 55. Kxe5 Bc3+ 56. Ke4 Bxh8 57. c7 Kg4 58. c8=Q+ Kh4 59. Kf3 g2 60. Qg4# 1-0

[Event "Early-Titled-Tuesday-Blitz-March-05-2024"]
[Site "Chess.com"]
[Date "2024.03.05"]
[Round "6"]
[White "BeardedNM"]
[Black "McCarthyStone"]
[Result "1-0"]
[WhiteElo "2219"]
[BlackElo "2360"]
[TimeControl "180+1"]
[EndTime "9:10:15 PST"]
[Termination "BeardedNM won by resignation"]

1. e4 d5 2. exd5 Qxd5 3. Nc3 Qd6 4. d4 Nf6 5. Nf3 Nc6 6. Nb5 Qd8 7. Bf4 Nd5 8. Bg3 a6 9. Na3 e6 10. Nc4 Be7 11. Bd3 O-O 12. O-O Bf6 13. c3 b6 14.
Qe2 Bb7 15. Nce5 Nce7 16. Ng4 Ng6 17. Nxf6+ Qxf6 18. Be4 Ngf4 19. Qe1 Rab8 20. c4 Nxg2 21. Kxg2 Nf4+ 22. Bxf4 Qxf4 23. Bxb7 Rxb7 24. Qe5 Qg4+ 25. Qg3 Qe4 26. Rae1 Qc2 27. Rg1 Qxc4 28. Kh1 g6 29.
Qh4 Qd5 30. Qe4 c6 31. Qxd5 cxd5 32. Rc1 b5 33. Rc6 a5 34. Rgc1 b4 35. Rc8 a4 36.
Ne5 Rxc8 37. Rxc8+ Kg7 38. Kg2 b3 39. a3 Kf6 40. Kf3 h5 41. Ke3 g5 42. Kd3 Kf5 43.
Ke3 f6 44. Nd3 e5 45. dxe5 fxe5 46. Rc5 d4+ 47. Kf3 g4+ 48. Kg3 Rh7 49. Rxe5+ Kf6 50. Rd5 Rc7 51. Rxd4 Rc2 52. Rxa4 Rd2 53. Rd4 Kf5 54.
Rd5+ Ke4 55. Rd8 Rxd3+ 56. Rxd3 Kxd3 57. a4 Kc2 58. a5 Kxb2 59. a6 Kc2 60. a7 b2 61.
a8=Q b1=Q 62. Qe4+ Kb2 63. Qxb1+ Kxb1 64. Kh4 Kc2 65. Kxh5 Kd3 66. Kxg4 Ke4 67. Kg5 Ke5 68. h4 Ke6 69. Kg6 Ke7 70. Kg7 Ke6 71. h5 Kf5 72. h6 1-0

[Event "Early-Titled-Tuesday-Blitz-March-05-2024"]
[Site "Chess.com"]
[Date "2024.03.05"]
[Round "6"]
[White "DeArron_Fox"]
[Black "luckyswitchback"]
[Result "1-0"]
[WhiteElo "2519"]
[BlackElo "2660"]
[TimeControl "180+1"]
[EndTime "9:10:17 PST"]
[Termination "DeArron_Fox won by checkmate"]

1. d4 d5 2. c4 e6 3. Nc3 c5 4. cxd5 cxd4 5. Qa4+ Bd7 6. Qxd4 exd5 7. Qxd5 Nf6 8. Qd1 Bc5 9. Nf3 Nc6 10. a3 Qe7 11. Bg5 h6 12. Nd5 Bxf2+ 13. Kxf2 Qc5+ 14. e3 Nxd5 15. Rc1 Qb6 16. Qxd5 Qxb2+ 17. Be2 hxg5 18.
Rb1 Qf6 19. Rxb7 Rd8 20. Bb5 O-O 21. Rxd7 Rxd7 22. Qxd7 Ne5 23. Qd4 Rb8 24. Qxe5 Qd8 25. Rd1 Qf8 26. Qxg5 g6 27. Bd3 Rb6 28. h4 Qxa3 29. h5 Qb3 30. Rd2 Qe6 31. hxg6 fxg6 32. Qd8+ Kg7 33. Be2 Rb7 34. Qd5 Qe7 35. Qe5+ Qxe5 36.
Nxe5 a5 37. Ra2 Ra7 38. Nc6 Rc7 39. Nxa5 g5 40. Nc4 g4 41. Ne5 g3+ 42. Kxg3 Kh8 43. Bf3 Rg7+ 44. Kf4 Re7 45. Ra8+ Kg7 46. Rd8 Re6 47.
Rd7+ Kh8 48. Bd5 Rf6+ 49. Kg3 Ra6 50. Rd8+ Kg7 51. Rd7+ Kh8 52. Ng6+ Rxg6+ 53. Kf3 Rg3+ 54. Kf2 Rg6 55. Rd8+ Kh7 56. Be4 Kg7 57. Bxg6 Kf6 58.
Rd4 Kg5 59. Kf3 Kh6 60. g4 Kg5 61. Bf5 Kh4 62. Rd6 Kg5 63. Rg6+ Kh4 64. e4 Kh3 65.
Rh6# 1-0

[Event "Early-Titled-Tuesday-Blitz-March-05-2024"]
[Site "Chess.com"]
[Date "2024.03.05"]
[Round "6"]
[White "ChessFanNM"]
[Black "Quattroporte300"]
[Result "0-1"]
[WhiteElo "2256"]
[BlackElo "2449"]
[TimeControl "180+1"]
[EndTime "9:10:19 PST"]
[Termination "Quattroporte300 won on time"]

1. e4 c5 2. Nf3 d6 3. Bb5+ Nd7 4.
a4 a6 5. Be2 Ngf6 6. Nc3 g6 7. a5 Bg7 8. O-O O-O 9. d4 cxd4 10.
Nxd4 Nc5 11. Bf3 Qc7 12. Be3 h5 13. h3 Bd7 14. Re1 Rac8 15. Nd5 Nxd5 16. exd5 e5 17. dxe6 Nxe6 18. c3 Bc6 19. Nxe6 fxe6 20. Bxc6 bxc6 21. Qd3 d5 22. Qxg6 Qf7 23. Qxf7+ Rxf7 24. Ra4 c5 25. Rh4 Rf5 26. Rf4 Rf6 27. Rxf6 Bxf6 28. Bf4 Kf7 29. g3 Re8 30. Be5 Bxe5 31. Rxe5 Rb8 32. Re2 Kf6 33.
f4 Rb5 34. Re5 Rxb2 35. Rxh5 Rc2 36. Rh6+ Kf7 37. Rh7+ Kg6 38. Re7 Kf6 39. Ra7 Rxc3 40. Rxa6 Rxg3+ 41. Kf2 Rxh3 42. Rc6 c4 43. a6 Ra3 44.
Ke2 Kf5 45. Kd2 Kxf4 46. Rxe6 d4 47. Rf6+ Ke5 48. Rc6 Ra2+ 49. Kc1 Kd5 50. Rh6 d3 51. Kb1 Ra4 52. Kb2 Rb4+ 53. Kc3 Rb3+ 54. Kd2 Rb2+ 55.
Kc1 Rb8 56. a7 Ra8 57. Rh7 c3 58. Rg7 Rh8 59. Rg1 Kc4 0-1

[Event "Early-Titled-Tuesday-Blitz-March-05-2024"]
[Site "Chess.com"]
[Date "2024.03.05"]
[Round "6"]
[White "TigrVShlyape"]
[Black "chucksterf10"]
[Result "1-0"]
[WhiteElo "2858"]
[BlackElo "2576"]
[TimeControl "180+1"]
[EndTime "9:10:20 PST"]
[Termination "TigrVShlyape won by resignation"]

1. e4 a6 2. d4 c6 3. c4 d5 4. e5 Bf5 5. Nc3 e6 6. h4 h5 7. Bg5 Be7 8. Qd2 Nd7 9. Nf3 dxc4 10. Bxc4 Nb6 11. Bd3 Bxd3 12. Qxd3 Nh6 13. O-O Nf5 14. Ne4 O-O 15. Rad1 Nxh4 16. Bxe7 Qxe7 17. Nfg5 Nf5 18. Qh3 g6 19. g4 Nd5 20. gxf5 exf5 21. Nf6+ Nxf6 22.
exf6 Qxf6 23. Nf3 f4 24. Rfe1 Rad8 25. Re5 Rd5 26. Rxd5 cxd5 27. Re1 Qd6 28. Qh4 Rc8 29. Qg5 Rc2 30. Re7 Rc1+ 31. Kg2 Rc7 32. Re8+ Kg7 33. Ne5 f3+ 34. Nxf3 f6 35. Qe3 g5 36. Nxg5 fxg5 37.
Qxg5+ Qg6 38. Qxg6+ Kxg6 39. Re6+ Kf5 40. Re5+ Kf4 41.
Rxd5 h4 42. Rd6 Ke4 43. Rh6 Rc2 44. Rxh4+ Kd5 45. Rh5+ Kxd4 46. Rh4+ Kd5 47. Rb4 b5 48. Kg3 Kc5 49. Rb3 a5 50. Rc3+ Rxc3+ 51. bxc3 Kc4 52. f4 Kxc3 53. f5 Kb2 54. f6 Kxa2 55. f7 b4 56. f8=Q b3 57. Qf7 a4 58. Qc4 a3 59. Kf3 Kb2 60. Qd4+ Kc2 61. Qc4+ Kb2 62. Ke2 a2 63. Qd4+ Kb1 64. Qd3+ Kb2 65. Qd2+ Ka3 66.
Qc3 Ka4 67. Qb2 Kb4 68. Kd3 Ka4 69. Kc3 a1=Q 70. Qxa1+ Kb5 71. Kxb3 1-0

[Event "Early-Titled-Tuesday-Blitz-March-05-2024"]
[Site "Chess.com"]
[Date "2024.03.05"]
[Round "6"]
[White "Matalon"]
[Black "Kumi29"]
[Result "1-0"]
[WhiteElo "2497"]
[BlackElo "2607"]
[TimeControl "180+1"]
[EndTime "9:10:21 PST"]
[Termination "Matalon won by checkmate"]

1. e4 e6 2. d4 d5 3. Nd2 dxe4 4.
Nxe4 Nd7 5. Nf3 Ngf6 6. Nxf6+ Nxf6 7. Bd3 c5 8. dxc5 Bxc5 9. Bg5 O-O 10. Qe2 h6 11. Bh4 e5 12. O-O-O Qb6 13. Nxe5 Re8 14. c3 g6 15. f4 Be3+ 16. Kb1 Bxf4 17. Bxf6 Qxf6 18.
Ng4 Qc6 19. Qxe8+ Qxe8 20. Nf6+ Kf8 21. Nxe8 Kxe8 22. Rhe1+ Kf8 23. g3 Bg5 24. Rf1 Bh3 25.
Rf2 Kg7 26. Bc4 Rf8 27. a4 Be3 28. Rc2 Bg4 29. Re1 Bg5 30. Bd5 b6 31. Rf2 f5 32. h4 Bf6 33. Bf3 Bxf3 34. Rxf3 Rd8 35. h5 Rd2 36. hxg6 Kxg6 37. Ref1 Bg5 38. Rxf5 a6 39.
g4 Rg2 40. Rd5 Rxg4 41. Rd6+ Kg7 42. Rxb6 Rxa4 43. Rd1 Re4 44. Rd7+ Be7 45. Rxa6 h5 46. Raa7 Kf6 47. Ra6+ Kf5 48. Rh6 h4 49. Rh7 Bg5 50. Rd5+ Kg4 51. Rg7 Kh3 52. Rdxg5 Re1+ 53. Ka2 Re2 54. Rg4 Re5 55. Rd4 Ra5+ 56. Kb1 Re5 57. Rh7 Re1+ 58. Ka2 Kg3 59. Rhxh4 Re2 60. Rdf4 Kg2 61.
Rhg4+ Kh3 62. Rg8 Re7 63. Rf1 Kh2 64. Rf5 Rh7 65. c4 Kh1 66. c5 Rh6 67. c6 Rh4 68. c7 Rh3 69. c8=Q Rh4 70. Qc1+ Kh2 71. Qg1+ Kh3 72. Qg2# 1-0

[Event "Early-Titled-Tuesday-Blitz-March-05-2024"]
[Site "Chess.com"]
[Date "2024.03.05"]
[Round "6"]
[White "GWR2024"]
[Black "Massakru"]
[Result "1/2-1/2"]
[WhiteElo "2138"]
[BlackElo "2373"]
[TimeControl "180+1"]
[EndTime "9:10:21 PST"]
[Termination "Game drawn by stalemate"]

1. e4 e5 2. Nc3 Nc6 3. f4 exf4 4.
Nf3 g5 5. Bc4 g4 6. O-O gxf3 7.
Qxf3 Bg7 8. Qxf4 Qf6 9. d3 Qxf4 10. Bxf4 Ne5 11. Bb3 c6 12. Bxe5 Bxe5 13. Bxf7+ Kd8 14. Rad1 Ne7 15. d4 Bg7 16. e5 Rf8 17. Bh5 Ng6 18. Ne4 d5 19. exd6 Bf5 20. Ng5 Bh6 21. Nxh7 Be3+ 22.
Kh1 Rf7 23. Rxf5 Rxf5 24. Bxg6 Rf2 25. Be4 Bxd4 26. c3 Bc5 27. Ng5 Kd7 28. Bf3 Rxb2 29. Bg4+ Ke8 30. h4 Rd8 31. d7+ Ke7 32. Ne6 Rxd7 33.
Rxd7+ Kxd7 34. Nxc5+ Kd6 35. Ne4+ Ke5 36. Bf3 Kf5 37.
h5 Rxa2 38. Nd6+ Kg5 39. Nxb7 Rc2 40. Bxc6 Rxc3 41. Bf3 Kh4 42. Kg1 Kg3 43. Kf1 Rb3 44.
Ke2 Rb6 45. Nc5 a5 46. Ke3 Rb5 47. Ne4+ Kh4 48. g3+ Kh3 49. Kf4 a4 50. h6 a3 51.
Nc3 Rb3 52. h7 Rb8 53. g4 Kh4 54. g5 Rf8+ 55. Ke4 Kxg5 56. Ke5 Kh6 57. Be4 Kg7 58. Kd4 Rc8 59. Kd3 Rxc3+ 60. Kxc3 a2 61. Kb2 Kh8 62. Kxa2 Kg7 63. Kb2 Kh8 64. Kc2 Kg7 65. Kd2 Kh8 66. Ke3 Kg7 67. Kf3 Kh8 68. Kg4 Kg7 69. Kh4 Kh8 70. Kh5 Kg7 71. Kg5 Kh8 72. Bg6 Kg7 73. Kf5 Kh8 74. Ke6 Kg7 75. Ke7 Kh8 76. Kf8 1/2-1/2

[Event "Early-Titled-Tuesday-Blitz-March-05-2024"]
[Site "Chess.com"]
[Date "2024.03.05"]
[Round "6"]
[White "HATilay"]
[Black "mbchess97"]
[Result "1-0"]
[WhiteElo "2684"]
[BlackElo "2506"]
[TimeControl "180+1"]
[EndTime "9:10:25 PST"]
[Termination "HATilay won by resignation"]

1. e4 c5 2. Nf3 d6 3. d4 cxd4 4. Nxd4 Nf6 5. Nc3 a6 6. Be2 e6 7. O-O Be7 8. f4 Qb6 9. Kh1 e5 10. fxe5 dxe5 11. Nf5 Bxf5 12. Rxf5 Nc6 13. Nd5 Qd8 14.
Bg5 Nxe4 15. Bxe7 Nxe7 16. Nxe7 Qxe7 17. Qd5 Nf6 18. Qxe5 Rd8 19. Bf3 Qxe5 20. Rxe5+ Kf8 21. Bxb7 Rb8 22. Bxa6 Rxb2 23. Bd3 g6 24. a4 Kg7 25. a5 Nd7 26. Rd5 Rhb8 27. h3 Nf6 28. Rc5 Nd7 29. Rc7 Ne5 30. a6 Nxd3 31. cxd3 Rb1+ 32. Rxb1 Rxb1+ 33. Kh2 Ra1 34. a7 Kf6 35. Kg3 h5 36. Kf4 Ke6 37. Ke4 f6 38. d4 Ra4 39. Rb7 Kd6 40.
Kd3 Kd5 41. Rd7+ Kc6 42. Rg7 Kd5 43. Rxg6 Rxa7 44. Rxf6 Ra3+ 45. Ke2 Kxd4 46. Rf5 h4 47. Rf4+ Ke5 48. Rxh4 Kf5 49. Rg4 Rb3 50. Kf2 Rc3 51. Rg8 Rb3 52. Rf8+ Kg5 53. Kg1 Kh4 54. Kh2 Rb2 55.
Rf4+ Kg5 56. Ra4 Rb3 57. h4+ Kh5 58. g3 Rc3 59. Kh3 Rb3 60. Ra5+ Kg6 61. h5+ Kh6 62. Kh4 Rb4+ 63. g4 Kg7 64. Ra6 Kh7 65. h6 Rb5 66.
Rf6 Rc5 67. g5 Kg8 68. g6 Rb5 69. Ra6 Rb4+ 70. Kg5 Rb5+ 71. Kf4 Rb4+ 72. Ke5 Rb5+ 73. Ke6 Rb8 74. Rd6 Re8+ 75. Kd7 Ra8 76. Ke7 Ra7+ 77. Rd7 1-0